 Dungeon Crawl Stone Soup version 0.17.1-3-g152610e (webtiles) character file.

154 Zhenya25pyc the Shield-Bearer (level 5, -5/33 HPs)
             Began as a Gargoyle Fighter on Apr 1, 2016.
             Killed by nerve-wracking pain
             ... invoked by an orc priest
              (13 damage)
             ... on level 3 of the Dungeon.
             The game lasted 00:11:38 (2392 turns).

Zhenya25pyc the Shield-Bearer (Gargoyle Fighter)    Turns: 2392, Time: 00:11:39

Health: -5/33      AC: 15    Str: 23    XL:     5   Next: 35%
Magic:  5/5        EV:  6    Int:  9    God:
Gold:   179        SH:  9    Dex:  9    Spells: 0 memorised, 4 levels left

rFire  . . .     SeeInvis .     f - +3 short sword
rCold  . . .     Clarity  .     y - +0 chain mail
rNeg   + . .     SustAt   .     c - +0 shield
rPois  ∞         Gourm    .     n - +0 helmet
rElec  +         Spirit   .     (no cloak)
rCorr  .         Warding  .     k - +0 pair of gloves
rMut   .         Stasis   .     (no boots)
MR     .....                    (no amulet)
Stlth  ..........               u - ring of wizardry
                                t - +3 ring of strength

@: not resistant to hostile enchantments, extremely unstealthy
A: negative energy resistance 1, electricity resistance, unbreathing,
petrification resistance, rot immunity, AC +4
a: no special abilities


You were on level 3 of the Dungeon.
You were hungry.

You visited 1 branch of the dungeon, and saw 3 of its levels.

You collected 179 gold pieces.

Inventory:

Hand Weapons
 f - a +3 short sword (weapon)
 A - a +0 flail
Armour
 c - a +0 shield (worn)
 h - a +0 pair of boots (quivered)
 k - a +0 pair of gloves (worn)
 n - a +0 helmet (worn)
 y - a +0 chain mail (worn)
Jewellery
 b - an uncursed ring of flight {unknown}
 t - a +3 ring of strength (left hand)
 u - a ring of wizardry (right hand)
Scrolls
 g - a scroll of magic mapping {unknown}
 i - 2 scrolls of fear {unknown}
 j - a scroll of immolation {unknown}
 l - 3 scrolls of identify {unknown}
 q - a scroll of enchant weapon {unknown}
 x - a scroll of remove curse {unknown}
 z - a scroll of blinking {unknown}
Potions
 a - a potion of lignification {unknown}
 d - a potion of might
 m - a potion of mutation {unknown}
 r - a potion of poison {unknown}
 s - a potion of heal wounds {unknown}
 w - a potion of curing {unknown}
Comestibles
 e - 5 bread rations
 o - a slice of pizza
 p - a royal jelly


   Skills:
 + Level 4.1 Fighting
 + Level 0.1 Short Blades
 + Level 2.8 Maces & Flails
 + Level 3.8 Armour
 + Level 1.4 Dodging
 + Level 4.3 Shields


You had 4 spell levels left.
You didn't know any spells.

Dungeon Overview and Level Annotations

Branches:
Dungeon (3/15)

Altars:
Fedhas
Makhleb
The Shining One


Innate Abilities, Weirdness & Mutations

You are resistant to torment.
Your stone body is resilient (AC +4).
You are immune to poison.
You resist negative energy.
You are resistant to electric shocks.
You can survive without breathing.
You are immune to petrification.
You are immune to rotting.


Message History

You are too injured to fight recklessly!
Your chain mail prevents you from hitting the orc priest.
The orc priest is moderately wounded.
The orc closely misses you. The rat barely misses you.
The orc priest hits you with a hand axe.
* * * LOW HITPOINT WARNING * * *
You hit the orc priest.
The orc priest is heavily wounded.
The rat bites you but does no damage. x2
Your shield and chain mail prevent you from hitting the orc.
The orc wizard casts a spell.
The orc wizard blinks!
The orc priest hits you but does no damage.
You block the orc's attack. You block the rat's attack.
You hit the orc.
The orc is severely wounded.
You block the rat's attack.
The orc priest mumbles some strange prayers to Beogh against you.
Pain shoots through your body!
You die...

.#.#...#####)# .#.#.#.##
#.# .#.###...
#.########### .........
#.#.......... ....##.#.#
#.#.......... ....##.#.#
#.#....?..... .....#.#.#
..#..........
...#.#.#.#####..........
...#.#.#.#.....o@r......
####.#.#.#.#####o#######
###.....#.# #...§[....#
#.....#...#......o....#
#.#..>#.###.#.........#
#.#.#.......#.........#
#.#.#.#.#####.........#
#.#...#.# #.........#
#.#...#.# #.....?...#


You could see an orc priest, an orc wizard, an orc and a rat.

Vanquished Creatures
  A crimson imp (D:2)
  2 adders
  3 gnolls (D:3)
  2 worms (D:2)
  2 orcs (D:3)
  A ball python (D:2)
  6 giant cockroaches
  7 goblins
  7 hobgoblins
  11 jackals
  5 bats
  6 giant newts
  3 kobolds
  2 quokkas (D:2)
  9 rats
67 creatures vanquished.

Notes
Turn   | Place    | Note
--------------------------------------------------------------
     0 | D:1      | Zhenya25pyc the Gargoyle Fighter began the quest for the Orb.
     0 | D:1      | Reached XP level 1. HP: 14/14 MP: 1/1
   130 | D:1      | Reached XP level 2. HP: 17/19 MP: 2/2
   628 | D:2      | Found a blossoming altar of Fedhas.
   639 | D:2      | Reached XP level 3. HP: 20/24 MP: 3/3
   724 | D:2      | Found a glowing golden altar of the Shining One.
   870 | D:2      | Reached skill level 1 in Dodging
  1009 | D:2      | Reached XP level 4. HP: 29/29 MP: 4/4
  1097 | D:2      | Reached skill level 4 in Shields
  1195 | D:2      | Found a burning altar of Makhleb.
  2025 | D:3      | Reached XP level 5. HP: 33/33 MP: 5/5
  2392 | D:3      | Killed from afar by an orc priest

Action                   |  1- 3 |  4- 6 || total
-------------------------+-------+-------++-------
Melee: Flail             |   167 |    99 ||   266
       Short sword       |       |    60 ||    60
  Eat: Chunk             |     1 |     1 ||     2
       Beef jerky        |     1 |       ||     1
       Pizza             |       |     1 ||     1
